 Dungeon Crawl Stone Soup version 0.20-a0-1058-g0491fde (webtiles) character file.

28 JeffiDaFish the Grave Robber (level 2, -1/19 HPs)
             Began as a Vampire Necromancer on Apr 26, 2017.
             Slain by a worm (4 damage)
             ... on level 2 of the Dungeon on Apr 27, 2017.
             The game lasted 00:06:26 (1493 turns).

JeffiDaFish the Grave Robber (Vampire Necromancer)  Turns: 1493, Time: 00:06:27

Health: -1/19      AC:  6    Str:  7    XL:     2   Next: 96%
Magic:  0/5        EV: 10    Int: 17    God:
Gold:   55         SH:  0    Dex: 14    Spells: 3/5 levels left

rFire    . . .     SeeInvis +   d - +0 dagger
rCold    . . .     Gourm    .   (no shield)
rNeg     + . .     Faith    .   e - +0 ring mail
rPois    .         Spirit   .   (no helmet)
rElec    .         Reflect  .   (no cloak)
rCorr    .         Harm     .   a - +0 pair of gloves
MR       .....                  (no boots)
Stlth    ++........             (no amulet)
Regen    0.1/turn               (no ring)
MPRegen  0.1/turn               (no ring)

@: no status effects
A: fangs 3, see invisible, unbreathing
a: no special abilities


You were on level 2 of the Dungeon.
You were not thirsty.

You visited 1 branch of the dungeon, and saw 2 of its levels.

You collected 55 gold pieces.

Inventory:

Hand Weapons
 d - a +0 dagger (weapon)
Armour
 a - a +0 pair of gloves (worn)
 e - a +0 ring mail (worn)
Potions
 c - 5 potions of blood
Books
 b - a book of Necromancy

   Spells                             Type                      Level
   a - Pain                           Necromancy                   1
   b - Animate Skeleton               Necromancy                   1
   c - Vampiric Draining              Necromancy                   3
   d - Regeneration                   Charms/Necromancy            3
   e - Animate Dead                   Necromancy                   4
   f - Control Undead                 Necromancy                   4


   Skills:
 + Level 0.2 Short Blades
 + Level 0.1 Armour
 + Level 2.1 Dodging
 + Level 3.4 Stealth
 + Level 2.2 Spellcasting
 + Level 5.0 Necromancy


You had 3 spell levels left.
You knew the following spells:

 Your Spells              Type           Power        Failure   Level  Hunger
a - Pain                  Necr           ###.         9%          1    #......
b - Animate Skeleton      Necr           N/A          9%          1    #......


Dungeon Overview and Level Annotations

Branches:
Dungeon (2/15)

Altars:


Innate Abilities, Weirdness & Mutations

You have razor-sharp teeth.
You have supernaturally acute eyesight. (SInv)
You can survive without breathing.


Message History

The worm is severely wounded.
You barely miss the worm.
The worm is severely wounded.
The worm bites you.
* * * LOW HITPOINT WARNING * * *
You hit the worm but do no damage.
The worm is heavily wounded.
Casting: Pain
Confirm with . or Enter, or press ? or * to list all spells.
Aiming: Pain
Press: ? - help, Shift-Dir - straight line, f/p - worm
Aim: a worm (heavily wounded, chance to defeat MR: 84%)
The worm writhes in agony!
Yummy - fresh blood!
You hit the worm. You bite the worm.
The worm is severely wounded.
You barely miss the worm.
The worm is severely wounded.
The worm bites you.
You die...

.###..#.#####
#..#.# .. #..#.##
########..
#.....###.##...#.
##.......<#.....
#.#..###.# ...##
#........# #.#.##
........##.###....#
##..##.....@w...).#
.... #########%...#
.#.#. #....
#.#...... ....
#.##. #.##...... #.
.##.# ###### #.
.##.# .. ....# ..#


You could see a worm.

Vanquished Creatures
  An ooze (D:1)
  A dart slug (D:1)
  A giant cockroach (D:1)
  A goblin (D:1)
  2 hobgoblins (D:1)
  4 jackals (D:1)
  A ball python (D:1)
  A bat (D:1)
  4 kobolds
  5 rats (D:1)
21 creatures vanquished.

Vanquished Creatures (collateral kills)
  A bat (D:1)
1 creature vanquished.

Grand Total: 22 creatures vanquished

Notes
Turn   | Place    | Note
-------+----------+-------------------------------------------
     0 | D:1      | JeffiDaFish the Vampire Necromancer began the quest for the Orb.
     0 | D:1      | Reached XP level 1. HP: 13/13 MP: 3/3
     8 | D:1      | Learned a level 1 spell: Animate Skeleton
   244 | D:1      | Reached XP level 2. HP: 8/19 MP: 1/5
   570 | D:1      | Reached skill level 5 in Necromancy
  1493 | D:2      | Slain by a worm

Vault maps used:
D:1:      roderic_octagonal_star
D:2:      serial_co_window_serial, co_window_of_opportunity_a,
          co_window_paths_a, co_window_of_opportunity_a, co_window_paths_a,
          co_window_paths_b, co_window_cross_2, co_window_2corner,
          co_window_unsneaky_path_c, co_window_cross_4,
          co_window_of_opportunity_b, co_window_unsneaky_path_d,
          glass_columns_a, glass_columns_a, glass_columns_a

Skill      XL: |  1  2 |
---------------+-------+-----
Necromancy     | 5 |  5.0
Short Blades   | |  0.2
Armour         | |  0.1
Dodging        | |  2.1
Stealth        | |  3.4
Spellcasting   | |  2.2

Action                   || total
-------------------------++-------
Melee: Dagger            ||    51
       Bite              ||     5
 Cast: Pain              ||    27
       Animate Skeleton  ||     5
  Use: Scroll            ||     4
       Potion            ||     2
 Stab: Sleeping          ||     6
Armor: Robe              ||    10
       Ring mail         ||    12
Dodge: Dodged            ||    40
